 Dungeon Crawl Stone Soup version 0.26.0-10-g1f06aea511 (webtiles) character file.

Game seed: 14043242926480389235

329390 Borgoz the Warrior (level 21, -15/198 HPs)
             Began as a Ghoul Gladiator on Jan 18, 2021.
             Was the Champion of Okawaru.
             Demolished by Mennas
             ... wielding a +3 trishula of holy wrath
              (16 damage)
             ... on level 4 of the Vaults.
             The game lasted 01:27:48 (46714 turns).

Borgoz the Warrior (Ghoul Gladiator)               Turns: 46714, Time: 01:27:49

Health: -15/198    AC: 51    Str: 28 (29) XL:     21   Next: 72%
Magic:  0/25       EV: 18    Int:  3      God:    Okawaru [******]
Gold:   2815       SH:  0    Dex: 17      Spells: 17/20 levels left

rFire    + . .     SeeInvis .   a - +9 double sword (elec)
rCold    + + +     Faith    .   L - +2 kite shield {rC+}
rNeg     + + +     Spirit   +   T - +18 crystal plate armour of Nurua {rF- Str+5}
rPois    ∞         Reflect  .   s - +2 hat {Will+}
rElec    +         Harm     .   A - +1 cloak {rCorr}
rCorr    +         Rampage  .   J - +1 pair of gloves {Str+3}
Will     ++...                  h - +0 pair of boots {Fly}
Stlth    ..........             X - amulet of guardian spirit
HPRegen  0.00/turn              e - ring of protection from fire
MPRegen  0.19/turn              D - +4 ring of evasion

@: confused, resistant, flying, glowing
A: claws 1, cold resistance 1, negative energy resistance 3, inhibited
regeneration, torment resistance, unbreathing
}: 2/15 runes: decaying, gossamer
a: Stop Flying, Renounce Religion, Heroism, Finesse


You were on level 4 of the Vaults.
You worshipped Okawaru.
Okawaru was exalted by your worship.
You visited 7 branches of the dungeon, and saw 37 of its levels.
You visited the Abyss 1 time.
You also visited: Sewer, Bailey, Ice Cave and Desolation.

You collected 5653 gold pieces.
You spent 2838 gold pieces at shops.

Inventory:

Hand Weapons
 a - a +9 double sword of electrocution (weapon)
 b - a +3 great sword of electrocution
 k - a +5 vorpal triple sword
Missiles
 d - a throwing net (quivered)
Armour
 h - a +0 pair of boots of flying (worn)
 s - a +2 hat of willpower (worn)
 A - a +1 cloak of preservation (worn)
 J - a +1 pair of gloves of strength (worn)
 K - the +1 pair of gloves of Philately {rElec Dex+8 Slay-2}
   (Okawaru gifted it to you on level 3 of the Vaults)

   It affects your dexterity (+8).
   It affects your accuracy and damage with ranged weapons and melee attacks
   (-2).
   It insulates you from electricity.
 L - a +2 kite shield of cold resistance (worn)
 N - a +1 cloak of willpower
 Q - the +1 plate armour of Feasting {rF+}
   (You found it in the Desolation of Salt)

   It protects you from fire.
 T - the +18 crystal plate armour of Nurua (worn) {rF- Str+5}
   (Okawaru gifted it to you on level 10 of the Dungeon)

   It affects your strength (+5).
   It makes you vulnerable to fire.
Jewellery
 e - a ring of protection from fire (left hand)
 n - an uncursed amulet of reflection
 o - an uncursed ring of see invisible
 r - an uncursed ring of resist corrosion
 t - the ring of Feuxotz {Fire rPois Str+3}
   (You found it in the Desolation of Salt)

   [ring of fire]

   It enhances your fire magic.
   It affects your strength (+3).
   It protects you from fire.
   It makes you vulnerable to cold.
   It protects you from poison.
 D - a +4 ring of evasion (right hand)
 G - an uncursed amulet of regeneration
 X - an amulet of guardian spirit (around neck)
Wands
 g - a wand of digging (14)
 j - a wand of flame (110)
 l - a wand of iceblast (27)
 v - a wand of paralysis (41)
 x - a wand of acid (14)
 I - a wand of disintegration (56)
Scrolls
 c - 9 scrolls of remove curse
 m - 13 scrolls of teleportation
 q - 3 scrolls of identify
 w - 4 scrolls of fog
 B - 2 scrolls of blinking
 C - 4 scrolls of magic mapping
 E - a scroll of torment
 H - 7 scrolls of fear
 M - a scroll of summoning
 V - a scroll of silence
Potions
 f - 12 potions of curing
 i - 4 potions of resistance
 p - 7 potions of haste
 u - 9 potions of heal wounds
 z - 7 potions of might
 F - 3 potions of cancellation
 O - 4 potions of invisibility
 S - 3 potions of ambrosia


   Skills:
 * Level 19.0 Fighting
 * Level 18.5 Long Blades
 - Level 1.7 Throwing
 * Level 16.6 Armour
 * Level 16.9 Dodging
 + Level 6.3 Shields
 + Level 7.4 Invocations
 + Level 4.4 Evocations


You had 17 spell levels left.
You knew the following spells:

 Your Spells              Type           Power        Failure   Level
a - Confusing Touch       Hex            0%           100%        3

Your spell library contained the following spells:

 Spells                   Type           Power        Failure   Level
 Animate Skeleton         Necr           0%           100%        1
 Apportation              Tloc           0%           100%        1
 Corona                   Hex            0%           100%        1
 Foxfire                  Conj/Fire      0%           100%        1
 Sandblast                Erth           0%           100%        1
 Sting                    Tmut/Pois      0%           100%        1
 Summon Small Mammal      Summ           0%           100%        1
 Call Imp                 Summ           0%           100%        2
 Corpse Rot               Necr/Air       N/A          100%        2
 Ensorcelled Hibernation  Hex/Ice        0%           100%        2
 Passwall                 Tmut/Erth      0%           100%        2
 Swiftness                Air            0%           100%        2
 Call Canine Familiar     Summ           0%           100%        3
 Dazzling Flash           Conj/Hex       0%           100%        3
 Gell's Gravitas          Tloc           0%           100%        3
 Ignite Poison            Fire/Tmut/Pois 0%           100%        3
 Mephitic Cloud           Conj/Pois/Air  0%           100%        3
 Stone Arrow              Conj/Erth      0%           100%        3
 Tukima's Dance           Hex            0%           100%        3
 Iskenderun's Mystic Bla  Conj/Tloc      0%           100%        4
 Passage of Golubria      Tloc           N/A          100%        4
 Petrify                  Tmut/Erth      0%           100%        4
 Alistair's Intoxication  Tmut/Pois      0%           100%        5
 Bolt of Magma            Conj/Fire/Erth 0%           100%        5
 Fireball                 Conj/Fire      0%           100%        5
 Irradiate                Conj/Tmut      0%           100%        5
 Iskenderun's Battlesphe  Conj           0%           100%        5
 Lee's Rapid Deconstruct  Erth           0%           100%        5
 Metabolic Englaciation   Hex/Ice        0%           100%        5
 Summon Forest            Summ/Tloc      0%           100%        5
 Yara's Violent Unravell  Hex/Tmut       0%           100%        5
 Dispersal                Tloc           0%           100%        6
 Eringya's Noxious Bog    Tmut/Pois      0%           100%        6
 Invisibility             Hex            0%           100%        6
 Iron Shot                Conj/Erth      0%           100%        6
 Starburst                Conj/Fire      0%           100%        6
 Malign Gateway           Summ/Tloc      0%           100%        7
 Monstrous Menagerie      Summ           0%           100%        7
 Orb of Destruction       Conj           0%           100%        7
 Spellforged Servitor     Conj/Summ      0%           100%        7
 Summon Greater Demon     Summ           0%           100%        7
 Summon Hydra             Summ           0%           100%        7
 Disjunction              Tloc           0%           100%        8
 Ignition                 Fire           0%           100%        8
 Summon Horrible Things   Summ           0%           100%        8
 Beastly Appendage        Tmut           Unusable     N/A         1
 Sublimation of Blood     Necr           Unusable     N/A         2
 Wereblood                Tmut           Unusable     N/A         2
 Ice Form                 Ice/Tmut       Unusable     N/A         4
 Hydra Form               Tmut           Unusable     N/A         6
 Statue Form              Tmut/Erth      Unusable     N/A         6

Dungeon Overview and Level Annotations

Branches:
Dungeon (15/15)            Temple (1/1) D:6            Lair (6/6) D:10
  Swamp (4/4) Lair:4       Spider (4/4) Lair:3        Slime (0/5) Lair:6
    Orc (2/2) D:10            Elf (0/3) Orc:2        Vaults (5/5) D:13
  Crypt (0/3) Vaults:3     Depths (0/5) D:15          Sewer (visited)
 Bailey (visited)           IceCv (visited)         Desolation (visited)

Altars:
Ashenzari
Cheibriados
Dithmenos
Elyvilon
Fedhas
Gozag
Hepliaklqana
Kikubaaqudgha
Makhleb
Nemelex Xobeh
Okawaru
Qazlal
Ru
Sif Muna
Trog
Uskayaw
Vehumet
Wu Jian
Xom
Yredelemnul
Zin
The Shining One
Beogh
Jiyva

Shops:
D:5 [   D:12 !   D:14 (   Orc:1 [   Orc:2 *(((   Vaults:2 =!*(*

Portals:
Trove: D:13 (give 2 scrolls of acquirement)

Annotations:
Vaults:4 Mennas


Innate Abilities, Weirdness & Mutations

You thrive by killing the living.
You are immune to poison.
You have sharp fingernails.
Your flesh is cold resistant. (rC+)
You are immune to negative energy. (rN+++)
You do not regenerate when monsters are visible.
You are immune to unholy pain and torment.
You can survive without breathing.


Message History

The vault guard closely misses you.
The vault guard hits you but does no damage.
Mennas hits you with a +3 trishula of holy wrath.
* * * LOW HITPOINT WARNING * * *
You convulse!
* * * LOW HITPOINT WARNING * * *
Mennas hits you but does no damage.
You fly upwards.
The warg bites you but does no damage.
The orc warrior hits you with a +0 scimitar.
* * * LOW HITPOINT WARNING * * *
The warg barely misses you.
The orc warrior hits you but does no damage.
There is a stone staircase leading down here.
You see here an arrow.
You are too confused!
You feel protected. The warg bites you but does no damage.
The orc knight barely misses you.
The deep elf archer blinks!
Mennas hits you with a +3 trishula of holy wrath!
You die...

.....
#)###...##
..>.. #o#
##.## ... #c#
###
###o###'###
#......o..#
#..§....e.#
#....o.e..#
#..poph...#
#...p@p...#
#...poA...#
#...p.....#
#.........#
#.........#
########'####
#.........#
#......<..#
#.........#


You could see Mennas, 6 vault guards, an orc knight, 2 deep elf archers, a
yaktaur, a warg, 2 orc warriors and 3 orcs.

Vanquished Creatures
  Saint Roka (Vaults:3)
  Bai Suzhen (Vaults:4)
  Margery (Vaults:3)
  Nikola (Spider:1)
  A tentacled monstrosity (Swamp:4)
  Jorgrun (Spider:3)
  2 tentacled starspawn (Abyss:2)
  Gastronok (Lair:1)
  Kirke (Lair:5)
  2 sphinxes (Vaults:1)
  Agnes (Spider:1)
  2 thorn hunters
  A tengu reaver (Vaults:1)
  A fenstrider witch (Swamp:3)
  Roxanne (D:14)
  3 vault wardens
  7 ghost moths
  Aizul (Swamp:4)
  2 orc warlords
  2 emperor scorpions
  4 imperial myrmidons (Desolation)
  A stone giant (Vaults:3)
  5 ironheart preservers
  Nessos (D:12)
  4 spark wasps
  3 entropy weavers
  A bunyip (Swamp:2)
  A deep elf demonologist (Vaults:4)
  A halazid warlock (Desolation)
  An eleionoma (Swamp:2)
  Josephine (Orc:1)
  3 fire dragons
  A great orb of eyes (Vaults:1)
  3 shambling mangroves
  Fannar (Lair:2)
  5 ragged hierophants
  3 rakshasas
  3 vault guards (Vaults:3)
  6 yaktaur captains
  7 peacekeepers (Desolation)
  A boulder beetle (shapeshifter) (D:8)
  8 boulder beetles
  9 ghost crabs
  21 hydras
  An ice dragon (D:15)
  8 servants of whispers (Desolation)
  10 alligators
  2 dancing weapons (D:13)
  7 centaur warriors
  A death knight (Vaults:3)
  A deep troll shaman (Vaults:3)
  38 two-headed ogres
  A thrashing horror (Abyss:2)
  13 ogre magi
  5 orc high priests (Orc:2)
  Urug (Lair:1)
  A deep elf knight (Vaults:4)
  4 hell knights (Vaults:3)
  Nergalle (Lair:2)
  2 wretched stars (Abyss:2)
  A shadow wraith (Vaults:3)
  A sixfirhy (Abyss:2)
  2 spriggan druids
  5 goliath frogs
  5 wizards
  A flayed ghost (Vaults:2)
  A glowing orange brain (Vaults:2)
  12 ironbrand convokers
  3 bog bodies
  2 lindwurms (Lair:6)
  11 skeletal warriors
  14 swamp dragons
  7 unseen horrors
  2 deep trolls (Vaults:3)
  A tengu zombie (Vaults:2)
  A sea snake (shapeshifter) (Vaults:3)
  A phantasmal warrior (Vaults:1)
  3 deep elf archers
  15 orc knights
  3 necromancers
  7 harpies
  2 deep elf magi
  3 orc sorcerers
  6 oklob plants
  A moth of wrath (Spider:2)
  16 orb spiders
  3 cyclopes
  2 will-o-the-wisps (Swamp:2)
  40 wolf spiders
  A tengu skeleton (Vaults:2)
  2 manticores
  28 ugly things
  15 elephants
  A guardian serpent (Desolation)
  3 black mambas
  A rust devil (Abyss:2)
  7 vault sentinels
  2 gargoyles
  2 ice statues (IceCv)
  5 smoke demons
  2 apocalypse crabs (Swamp:3)
  4 molten gargoyles (Desolation)
  10 cane toads
  A torpor snail (Spider:4)
  A hellion (Abyss:2)
  5 centaur skeletons
  A freezing wraith (Vaults:3)
  A human zombie (Vaults:2)
  A kobold demonologist (D:11)
  10 komodo dragons
  12 demonic crawlers
  2 rime drakes
  A tengu conjurer (D:13)
  7 trolls
  10 yaktaurs
  An ancient zyme (Abyss:2)
  3 human skeletons (Vaults:2)
  3 large abominations (Abyss:2)
  3 polar bears
  A jumping spider (shapeshifter) (D:8)
  10 raiju (Abyss:2)
  27 jumping spiders
  8 tyrant leeches
  28 hornets
  7 slime creatures (Vaults:1)
  Grinder (D:4)
  A hornet (shapeshifter) (Vaults:3)
  43 saltlings
  25 blink frogs
  A dream sheep (Lair:6)
  A blink frog (shapeshifter) (Vaults:1)
  2 flying skulls (Abyss:2)
  21 spriggans
  A water elemental (Abyss:2)
  60 redbacks
  A shadow (D:14)
  32 tarantellas
  8 wraiths
  A ynoxinul (Abyss:2)
  3 hogs (Lair:5)
  74 yaks
  7 wyverns
  A human (shapeshifter) (Vaults:3)
  Grum (Lair:1)
  A basilisk (shapeshifter) (Vaults:3)
  Eustachio (D:5)
  4 basilisks
  A yaktaur simulacrum (Vaults:2)
  A swamp worm (shapeshifter) (Vaults:2)
  2 soldier ants
  11 vampire mosquitoes
  7 wargs
  An acid dragon (D:12)
  15 swamp worms
  9 water moccasins
  Duvessa (D:7)
  An ice beast (shapeshifter) (Vaults:3)
  53 orc warriors
  5 sky beasts
  10 swamp drakes
  A hornet zombie (D:12)
  11 ice beasts
  A deep troll skeleton (Vaults:2)
  5 phantoms
  A necrophage (D:12)
  6 black bears
  5 boggarts (Lair:6)
  21 centaurs
  31 wolves
  34 ogres
  10 big kobolds
  A gnoll sergeant (D:5)
  3 small abominations (Abyss:2)
  21 bullfrogs
  Dowan (D:7)
  6 scorpions
  4 killer bees (D:11)
  16 wights
  6 howler monkeys
  6 electric eels
  2 bullfrog zombies
  4 centaur zombies
  3 starcursed masses (Abyss:2)
  2 quasits
  5 bullfrog skeletons
  A human simulacrum (Vaults:2)
  9 hounds
  3 jellies
  49 orc priests
  27 orc wizards
  An iron imp (Abyss:2)
  4 iguanas
  Natasha (D:3)
  13 hell rats
  10 worker ants
  2 hound zombies
  A howler monkey zombie (D:11)
  5 gnolls
  A worker ant zombie (D:10)
  17 river rats
  10 adders
  2 shadow imps
  15 white imps
  5 ufetubi
  2 oozes (D:2)
  4 worms
  An adder skeleton (D:8)
  2 dart slugs
  5 leopard geckos
  108 orcs
  5 bats
  2 giant cockroaches
  6 hobgoblins
  15 jackals
  67 kobolds
  3 quokkas
  4 ball pythons
  5 frilled lizards
  7 goblins
  A leopard gecko skeleton (D:9)
  A quokka skeleton (D:8)
  19 rats
  2 briar patches (Swamp:3)
  8 bushes (Lair:3)
1676 creatures vanquished.

Vanquished Creatures (others)
  A goliath frog (Swamp:1)
  A spriggan druid (Swamp:3)
  An ironbrand convoker (Desolation)
  A hornet (Swamp:4)
  5 bloated husks
  A jumping spider (Spider:4)
  3 humans (Lair:5)
  A neqoxec (Abyss:2)
  A howler monkey (D:13)
  A white imp (Abyss:2)
  2 orcs
  3 briar patches
  8 foxfires (Swamp:2)
  24 fungi
  53 plants
  2 starspawn tentacles (Abyss:2)
108 creatures vanquished.

Grand Total: 1784 creatures vanquished

Notes
Turn   | Place    | Note
-------+----------+-------------------------------------------
     0 | D:1      | Borgoz the Ghoul Gladiator began the quest for the Orb.
     0 | D:1      | Reached XP level 1. HP: 17/17 MP: 0/0
   492 | D:1      | Reached XP level 2. HP: 25/25 MP: 1/1
  1221 | D:2      | Reached skill level 1 in Armour
  1221 | D:2      | Reached XP level 3. HP: 30/30 MP: 2/2
  1259 | D:2      | Found a blossoming altar of Fedhas.
  1889 | D:2      | Reached skill level 5 in Fighting
  1889 | D:2      | Reached XP level 4. HP: 42/42 MP: 3/3
  1960 | D:3      | Reached XP level 5. HP: 48/48 MP: 4/4
  2287 | D:3      | Noticed Natasha
  2302 | D:3      | Killed Natasha
  2715 | D:3      | Reached XP level 6. HP: 53/56 MP: 5/5
  2909 | D:4      | Noticed Grinder
  2916 | D:4      | Paralysed by Grinder for 7 turns
  2952 | D:4      | Killed Grinder
  2953 | D:4      | Reached XP level 7. HP: 40/61 MP: 6/6
  3178 | D:4      | Found a radiant altar of Vehumet.
  3250 | D:4      | Found a glowing drain.
  3257 | Sewer    | Entered a sewer
  3368 | Sewer    | Found a white marble altar of Elyvilon.
  3603 | D:4      | Reached skill level 5 in Armour
  3603 | D:4      | Reached XP level 8. HP: 70/70 MP: 7/7
  4116 | D:5      | Entered Level 5 of the Dungeon
  4425 | D:5      | Reached skill level 6 in Fighting
  4552 | D:5      | Noticed a water elemental
  4554 | D:5      | Found a stormy altar of Qazlal.
  4555 | D:5      | Noticed an air elemental
  4875 | D:5      | Noticed Eustachio
  5149 | D:5      | Killed Eustachio
  5150 | D:5      | Reached XP level 9. HP: 43/78 MP: 8/8
  5527 | D:5      | Found Vasagory's Antique Armour Shoppe.
  5749 | D:6      | Identified a scroll of acquirement
  5749 | D:6      | Acquired 790 gold pieces
  6182 | D:6      | Found a staircase to the Ecumenical Temple.
  6200 | Temple   | Entered the Ecumenical Temple
  6237 | Temple   | Became a worshipper of Warmaster Okawaru
  6515 | D:5      | Found a shimmering altar of Xom.
  6575 | D:7      | Got a faintly humming buckler
  6586 | D:7      | Identified the +5 buckler of Doufuemu {rF- Int+2 Stlth+}
                  | (You found it on level 7 of the Dungeon)
  6665 | D:7      | Noticed Dowan
  6666 | D:7      | Noticed Duvessa
  6683 | D:7      | Killed Duvessa
  6684 | D:7      | Reached skill level 1 in Shields
  6688 | D:7      | Killed Dowan
  6979 | D:7      | Reached skill level 7 in Fighting
  7067 | D:7      | Reached skill level 1 in Invocations
  7130 | D:7      | Reached * piety under Okawaru
  7459 | D:8      | Reached XP level 10. HP: 86/86 MP: 9/9
  7598 | D:8      | Found a transporter.
  7598 | D:8      | Noticed an orc knight
  7602 | D:8      | Noticed a purple ugly thing
  7615 | D:8      | Found a transporter.
  7630 | D:8      | Noticed a black mamba
  7630 | D:8      | a troll changed into a black mamba
  7742 | D:8      | Found a broken altar of Ashenzari.
  7807 | D:8      | Reached ** piety under Okawaru
  7985 | D:8      | Noticed a two-headed ogre
  7989 | D:8      | Noticed a great orb of eyes
  8003 | D:8      | a two-headed ogre changed into a floating eye
  8081 | D:8      | Found a burning altar of Makhleb.
  8323 | D:9      | Found a shadowy altar of Dithmenos.
  8324 | D:9      | Found a snail-covered altar of Cheibriados.
  8952 | D:9      | Reached skill level 8 in Fighting
  8986 | D:9      | Identified the Disquisition on the Supportive Traveller
  9195 | D:9      | Noticed a two-headed ogre
  9201 | D:9      | Killed a two-headed ogre
  9383 | D:10     | Entered Level 10 of the Dungeon
  9399 | D:10     | Reached *** piety under Okawaru
  9465 | D:10     | Killed an unseen horror
  9466 | D:10     | Reached XP level 11. HP: 67/95 MP: 12/12
  9477 | D:10     | Found a flagged portal.
  9498 | Bailey   | Entered a bailey
  9510 | Bailey   | Noticed an orc warlord
  9615 | Bailey   | Found a runed translucent gate.
  9616 | Bailey   | Found a runed translucent gate.
  9618 | Bailey   | Found a runed translucent gate.
  9738 | Bailey   | Killed an orc warlord
  9738 | Bailey   | Reached **** piety under Okawaru
  9942 | D:10     | Found a staircase to the Lair.
 10054 | D:10     | Found a roughly hewn altar of Beogh.
 10054 | D:10     | Found a staircase to the Orcish Mines.
 10064 | D:10     | Noticed an orc knight
 10084 | D:10     | Killed an orc knight
 10285 | D:9      | Acquired 786 gold pieces
 10287 | D:9      | Acquired a manual of Long Blades
 10462 | D:10     | Reached skill level 9 in Fighting
 10476 | D:10     | Learned a level 3 spell: Confusing Touch
 10506 | D:10     | Found a shimmering blue altar of Sif Muna.
 11023 | D:11     | Reached ***** piety under Okawaru
 11314 | D:11     | Reached skill level 10 in Long Blades
 11525 | D:11     | Received a gift from Okawaru
 11602 | D:11     | Found a glowing golden altar of the Shining One.
 11608 | D:11     | Reached XP level 12. HP: 105/105 MP: 14/14
 12314 | D:12     | Acquired a +2 great sword of electrocution
 12452 | D:12     | Noticed Nessos
 12488 | D:12     | Killed Nessos
 12774 | D:12     | Reached skill level 10 in Fighting
 12833 | D:12     | Found Reogh's Distillery.
 12841 | D:12     | Bought 2 potions of heal wounds for 120 gold pieces
 12841 | D:12     | Bought a potion of might for 48 gold pieces
 12841 | D:12     | Bought a potion of haste for 120 gold pieces
 12969 | D:13     | Reached skill level 5 in Invocations
 13237 | D:13     | Noticed a two-headed ogre
 13237 | D:13     | Noticed a two-headed ogre
 13238 | D:13     | Noticed an ogre mage
 13238 | D:13     | Noticed a two-headed ogre
 13239 | D:13     | Noticed a two-headed ogre
 13242 | D:13     | Noticed a two-headed ogre
 13242 | D:13     | Noticed a two-headed ogre
 13243 | D:13     | Noticed a two-headed ogre
 13247 | D:13     | Killed a two-headed ogre
 13251 | D:13     | Killed a two-headed ogre
 13255 | D:13     | Killed a two-headed ogre
 13260 | D:13     | Killed a two-headed ogre
 13261 | D:13     | Killed a two-headed ogre
 13262 | D:13     | Reached skill level 10 in Dodging
 13266 | D:13     | Killed a two-headed ogre
 13272 | D:13     | Killed a two-headed ogre
 13273 | D:13     | Reached XP level 13. HP: 109/114 MP: 15/15
 13339 | D:13     | Received a gift from Okawaru
 13347 | D:13     | Reached ****** piety under Okawaru
 13392 | D:13     | Found a gate to the Vaults.
 13429 | D:13     | Got an ichor-stained scale mail
 13440 | D:13     | Identified the +1 scale mail "Lautuirch" {*Corrode +Inv
                  | rElec rF++} (You found it on level 13 of the Dungeon)
 13496 | D:13     | Reached skill level 11 in Fighting
 14046 | D:13     | Reached skill level 10 in Armour
 14348 | D:13     | Found a portal to a secret trove of treasure.
 14678 | D:14     | Found a shimmering altar of Xom.
 14690 | D:14     | Found a shimmering altar of Xom.
 14691 | D:14     | Found a shimmering altar of Xom.
 14694 | D:14     | Found a shimmering altar of Xom.
 15075 | D:14     | Identified Roxanne's Reference Book on Shape Shifting
 15075 | D:14     | Noticed Roxanne
 15215 | D:14     | Found Ocubleni's Weapon Shoppe.
 15553 | D:15     | Entered Level 15 of the Dungeon
 15840 | D:15     | Received a gift from Okawaru
 15851 | D:15     | Reached skill level 12 in Fighting
 15851 | D:15     | Reached XP level 14. HP: 22/126 MP: 16/16
 16298 | D:15     | Found a staircase to the Depths.
 17237 | D:14     | Killed Roxanne
 17787 | Lair:1   | Entered Level 1 of the Lair of Beasts
 17826 | Lair:1   | Noticed Grum
 17864 | Lair:1   | Received a gift from Okawaru
 17887 | Lair:1   | Killed Grum
 17946 | Lair:1   | Found a frozen archway.
 17995 | IceCv    | Entered an ice cave
 18015 | IceCv    | Found a transporter.
 18034 | IceCv    | Found a transporter.
 18286 | Lair:1   | Found a transporter.
 18287 | Lair:1   | Found a transporter.
 18566 | Lair:1   | Noticed Gastronok
 18581 | Lair:1   | Killed Gastronok
 18582 | Lair:1   | Reached skill level 13 in Fighting
 18774 | Lair:1   | Noticed Urug
 18785 | Lair:1   | Killed Urug
 19636 | Lair:2   | Reached XP level 15. HP: 111/135 MP: 17/17
 19735 | Lair:2   | Noticed Nergalle
 19743 | Lair:2   | Killed Nergalle
 19926 | Lair:2   | Noticed Fannar
 19946 | Lair:2   | Killed Fannar
 19946 | Lair:2   | Received a gift from Okawaru
 21006 | Lair:3   | Found a hole to the Spider Nest.
 22120 | Lair:4   | Found a staircase to the Swamp.
 22581 | Lair:4   | Received a gift from Okawaru
 23930 | Lair:5   | Reached skill level 15 in Long Blades
 23989 | Lair:5   | Reached skill level 14 in Fighting
 24015 | Lair:5   | Noticed Kirke
 24031 | Lair:5   | Killed Kirke
 24673 | Lair:6   | Entered Level 6 of the Lair of Beasts
 25136 | Lair:6   | Got a crude robe
 25167 | Lair:6   | Reached XP level 16. HP: 146/146 MP: 18/18
 25549 | Lair:6   | Received a gift from Okawaru
 25584 | Lair:6   | Got a polished short sword {god gift}
 25585 | Lair:6   | Identified the +6 short sword of Moderation {speed, rN++}
                  | (Okawaru gifted it to you on level 6 of the Lair of Beasts)
 26053 | Lair:6   | Found a viscous altar of Jiyva.
 26053 | Lair:6   | Found a staircase to the Slime Pits.
 26297 | Lair:6   | Identified the +1 robe of Vampiric Thralls {Int+2} (You
                  | found it on level 6 of the Lair of Beasts)
 26523 | Orc:1    | Entered Level 1 of the Orcish Mines
 26527 | Orc:1    | Noticed Josephine
 26540 | Orc:1    | Killed Josephine
 26679 | D:10     | Received a gift from Okawaru
 26682 | D:10     | Got a warped crystal plate armour {god gift}
 26694 | D:10     | Identified the +18 crystal plate armour of Nurua {rF-
                  | Str+5} (Okawaru gifted it to you on level 10 of the
                  | Dungeon)
 27191 | Orc:1    | Found a roughly hewn altar of Beogh.
 27227 | Orc:1    | Found Xyfar's Armour Boutique.
 27502 | Orc:2    | Entered Level 2 of the Orcish Mines
 28518 | Orc:2    | Reached skill level 15 in Fighting
 28631 | Orc:2    | Found Ubytt's Assorted Antiques.
 28631 | Orc:2    | Found Leukab's Antique Weapon Shop.
 28632 | Orc:2    | Found Gaceurr's Weapon Boutique.
 28632 | Orc:2    | Found Yjamnoj's Antique Weapon Shop.
 28639 | Orc:2    | Bought an embroidered scarf for 240 gold pieces
 28639 | Orc:2    | Bought a potion of might for 120 gold pieces
 28639 | Orc:2    | Bought a dented bronze amulet for 150 gold pieces
 28767 | Orc:2    | Found a staircase to the Elven Halls.
 28911 | Orc:2    | Bought a runed triple sword for 442 gold pieces
 28935 | Orc:2    | Bought a scroll of magic mapping for 105 gold pieces
 29237 | Swamp:1  | Entered Level 1 of the Swamp
 29507 | Swamp:1  | Found a sacrificial altar of Ru.
 30672 | Swamp:2  | Reached XP level 17. HP: 156/156 MP: 19/19
 30694 | Swamp:2  | Received a gift from Okawaru
 32051 | Swamp:3  | Found a runed translucent door.
 32169 | Swamp:3  | Paralysed by you for 5 turns
 32190 | Swamp:3  | Identified Ceni's Guide on Shifting Fire
 32383 | Swamp:4  | Entered Level 4 of the Swamp
 32515 | Swamp:4  | Noticed a tentacled monstrosity
 32531 | Swamp:4  | Killed a tentacled monstrosity
 32531 | Swamp:4  | Received a gift from Okawaru
 32811 | Swamp:4  | Noticed Aizul
 32835 | Swamp:4  | Killed Aizul
 33155 | Swamp:4  | Reached skill level 16 in Fighting
 33794 | Swamp:4  | Reached XP level 18. HP: 94/166 MP: 13/20
 33998 | Swamp:4  | Got a decaying rune of Zot
 34593 | Spider:1 | Entered Level 1 of the Spider Nest
 34611 | Spider:1 | Noticed Nikola
 34634 | Spider:1 | Killed Nikola
 35170 | Spider:1 | Received a gift from Okawaru
 35386 | Spider:1 | Noticed Agnes
 35399 | Spider:1 | Killed Agnes
 36847 | Spider:2 | Reached skill level 15 in Dodging
 37102 | Spider:3 | Noticed Jorgrun
 37131 | Spider:3 | Killed Jorgrun
 37131 | Spider:3 | Received a gift from Okawaru
 37811 | Spider:3 | Reached skill level 17 in Fighting
 38151 | Spider:4 | Entered Level 4 of the Spider Nest
 38459 | Spider:4 | Reached skill level 15 in Armour
 38461 | Spider:4 | Reached XP level 19. HP: 164/177 MP: 19/21
 38567 | Spider:4 | Got a buzzing chain mail
 38568 | Spider:4 | Identified the +8 chain mail "Toer Vaiv" {rN+ Str+2 Slay-4}
                  | (You found it on level 4 of the Spider Nest)
 39049 | Spider:4 | Received a gift from Okawaru
 39387 | Spider:4 | Got a gossamer rune of Zot
 39744 | Vaults:1 | Entered Level 1 of the Vaults
 39751 | Vaults:1 | Got a smoking silver ring
 39753 | Vaults:1 | Identified the ring "Rynloufi" {*Tele rN+ Str+2} (You found
                  | it on level 1 of the Vaults)
 39896 | Vaults:1 | Found a ruined gateway.
 39960 | Desolati | Entered the Desolation of Salt
 40166 | Desolati | Received a gift from Okawaru
 40192 | Desolati | Identified Sif Muna's Catalogue of the Mountains and
                  | Creation
 40198 | Desolati | Got a vibrating brass ring
 40203 | Desolati | Identified the ring of Feuxotz {Fire rPois Str+3} (You
                  | found it in the Desolation of Salt)
 40493 | Desolati | Got a fading plate armour
 40540 | Desolati | Identified the cursed +1 plate armour of Feasting {rF+}
                  | (You found it in the Desolation of Salt)
 40564 | Desolati | Identified the +2 robe of the Catfish {rC+ Int+4 Stlth-}
 41021 | Desolati | Identified the Papyrus of Transmutation and Conjuration
 41023 | Desolati | Identified the Catalogue of Intoxication and the Traveller
 41573 | Vaults:1 | Reached XP level 20. HP: 187/187 MP: 22/22
 41579 | Vaults:1 | Reached skill level 18 in Fighting
 41579 | Vaults:1 | Reached skill level 1 in Evocations
 41979 | Vaults:1 | Received a gift from Okawaru
 42729 | Vaults:2 | Lost intelligence.
 42752 | Vaults:2 | Reached skill level 5 in Shields
 42913 | Vaults:2 | Found Imastreuky's Assorted Antiques.
 42976 | Vaults:2 | Found Heeqaar's Antique Weapon Emporium.
 43069 | Vaults:2 | Found Mitesoum's General Store.
 43071 | Vaults:2 | Found Fiss's Distillery.
 43085 | Vaults:2 | Bought a scroll of identify for 30 gold pieces
 43089 | Vaults:2 | Bought a potion of ambrosia for 152 gold pieces
 43089 | Vaults:2 | Bought 2 potions of haste for 380 gold pieces
 43089 | Vaults:2 | Bought a potion of heal wounds for 95 gold pieces
 43089 | Vaults:2 | Bought a potion of might for 76 gold pieces
 43089 | Vaults:2 | Bought a potion of might for 76 gold pieces
 43512 | Vaults:2 | Found Buiqoqum's Jewellery Shoppe.
 43639 | Vaults:2 | Bought a potion of heal wounds for 180 gold pieces
 43639 | Vaults:2 | Bought a potion of heal wounds for 180 gold pieces
 43639 | Vaults:2 | Bought a potion of might for 144 gold pieces
 43639 | Vaults:2 | Bought a potion of heal wounds for 180 gold pieces
 44063 | Vaults:3 | Received a gift from Okawaru
 44134 | Vaults:3 | Noticed Margery
 44157 | Vaults:3 | Killed Margery
 44777 | Vaults:3 | Reached XP level 21. HP: 195/195 MP: 24/24
 44852 | Vaults:3 | Received a gift from Okawaru
 44960 | Vaults:3 | Noticed Saint Roka
 44985 | Vaults:3 | Killed Saint Roka
 45315 | Vaults:3 | Received a gift from Okawaru
 45318 | Vaults:3 | Got a pair of ichor-stained gloves {god gift}
 45325 | Vaults:3 | Identified the +1 pair of gloves of Philately {rElec Dex+8
                  | Slay-2} (Okawaru gifted it to you on level 3 of the Vaults)
 45732 | Vaults:3 | Found a staircase to the Crypt.
 46060 | Vaults:4 | Noticed Bai Suzhen
 46084 | Vaults:4 | Killed Bai Suzhen
 46109 | Vaults:4 | Noticed Mennas
 46133 | Vaults:4 | Cast into level 2 of the Abyss (a deep elf demonologist)
 46542 | Abyss:2  | Reached skill level 19 in Fighting
 46621 | Vaults:4 | Escaped the Abyss
 46707 | Vaults:5 | Entered Level 5 of the Vaults
 46712 | Vaults:5 | HP: 8/198 [Mennas/+3 trishula of holy wrath (4)]
 46712 | Vaults:5 | HP: 3/198 [Mennas/+3 trishula of holy wrath (5)]
 46713 | Vaults:4 | HP: 1/198 [orc warrior/+0 scimitar[an orc knight] (2)]
 46714 | Vaults:4 | Demolished by Mennas

Illustrated notes

Levels and vault maps discovered:
D:1:      psy_arrival_conway, layout_basic, roderic_lattice_a,
          minmay_misc_feat_alley
D:2:      layout_basic, fedhas_altar_3
D:3:      layout_basic, uniq_natasha
D:4:      layout_basic, nicolae_overflow_crystal_walls, portal_sewer_entry_e,
          kennysheep_pointless_box, grunt_ministairs_12, uniq_grinder
D:5:      layout_basic, nicolae_overflow_hidden_temple,
          nicolae_qazlal_style_of_elements, serial_shops, kennysheep_little_box,
          sword_in_stone
D:6:      layout_loops_ring, minmay_temple_entry_nine_rooms, uniq_eustachio
D:7:      layout_basic, uniq_duvessa
D:8:      gammafunk_sealed_arena, layout_loops_ring, lemuel_crystal_altar,
          ashenzari_conservatory_becter
D:9:      layout_long_grid, minitemple, serial_bayou, serial_bayou_pond_a,
          serial_bayou_pond_d, serial_bayou_ford_a, serial_bayou_lagoon_a
D:10:     layout_loops_cross, lair_entry_dummy, david_orc_5, enter_bailey_5,
          grunt_ministairs_8, lemuel_blue_sif_altar
D:11:     layout_long_grid, nicolae_tso_swordbearing_angel
D:12:     layout_small_grid, serial_shops, shop_statue, uniq_nessos
D:13:     layout_grid_maze, erik_vaults_1, nicolae_trove_entry_columns
D:14:     layout_irregular_city, serial_shops, nicolae_shop_window_shopping,
          xom_redecorated, uniq_roxanne
D:15:     grunt_enter_depths_hoard, layout_basic,
          chequers_serial_rivers_micro_c, grunt_decor_one_mirror
Temple:   jpeg_temple_clearing
Lair:1:   gammafunk_boulding_lane, layout_layer_cave,
          portal_ice_cave_entry_imps, uniq_gastronok, uniq_urug, uniq_grum
Lair:2:   layout_cave_pods, uniq_nergalle, uniq_fannar
Lair:3:   layout_long_grid, spider_nest_entry_webs, minmay_lair_oklob_bushes,
          grunt_forest_small_clearing_treed
Lair:4:   layout_gridlike, skrybe_swamp_entry_bodies, serial_bayou_shore_a,
          grunt_megastairs_2, minmay_lair_oklob_chamber
Lair:5:   layout_roguey, kennysheep_abandoned_house, grunt_megastairs_1,
          uniq_kirke
Lair:6:   minmay_lair_end_enchanted_forest, layout_big_grid,
          dpeg_slime_entry_enclosed_altar, kennysheep_rathole
Swamp:1:  layout_basic_swamp, evilmike_swamp_ruin_house_6, swamp_pool5,
          nicolae_swamp_feature_on_the_river_bank
Swamp:2:  layout_basic_swamp, nicolae_swamp_dense_foliage
Swamp:3:  gammafunk_mikee_crab_dinner, layout_basic_swamp,
          evilmike_swamp_ruin_rubble_1, swamp_pool3, roderic_carrion_pond
Swamp:4:  swamp, layout_basic_swamp, swamp_pool2, uniq_aizul
Spider:1: layout_spider_delve, hangedman_spider_tarantella_strand, uniq_agnes,
          uniq_nikola
Spider:2: layout_spider_delve
Spider:3: layout_spider_delve, drop_trap, nicolae_spider_webbed_stairs,
          uniq_jorgrun
Spider:4: grunt_spider_rune_parallel
Orc:1:    layout_caves, serial_shops, shop, mines2_david, uniq_josephine
Orc:2:    st_orc_pillars, layout_diamond_mine
Vaults:1: vaults_room_semicircle, nicolae_vaults_hallways_thing,
          hangedman_vaults_snaps, v_pattern_1, hangedman_vaults_stitches,
          hangedman_vaults_corner_blocks, v_misc_14, hangedman_vaults_stagger,
          nicolae_vaults_alarming, vaults_dpeg_doors, hangedman_vaults_maws,
          vaults_room_large_hall, vaults_room_hangedman_quadrants,
          layout_vaults_ring, portal_desolation_entry_salt
Vaults:2: nicolae_vaults_big_ls, vaults_room_pool, v_misc_23,
          grunt_vaults_trifunnel, hangedman_vaults_restitches,
          layout_vaults_omnigrid, serial_shops, nicolae_shop_statue_plus, shop,
          shop_fountains, shop_fountains, shop
Vaults:3: v_misc_19, vaults_dpeg_ring, vaults_room_grid,
          ontoclasm_vaults_loading_screen, nicolae_vaults_fighting_squares,
          nicolae_vaults_ring_of_whatevers, v_misc_13, nicolae_vaults_little_ls,
          vaults_room_fours, nicolae_vaults_three_branches,
          nicolae_vaults_mini_display_case, vaults_dpeg_diagonal,
          dpeg_vaults_monster_box, ontoclasm_vaults_gateway,
          layout_vaults_chaotic_city, dummy_crypt_entry, uniq_margery,
          uniq_saint_roka
Vaults:4: grunt_vaults_bifocal, v_rooms_2, nicolae_vaults_network_square,
          nicolae_vaults_shelves_hall, ontoclasm_vaults_pinch, v_misc_11,
          nicolae_vaults_diagonal_hallway_8, ontoclasm_vaults_spin,
          nicolae_vaults_yaktaur_gun_rack, v_pattern_2,
          nicolae_vaults_shelves_hall, nicolae_vaults_ring_of_whatevers,
          layout_vaults_omnicross, uniq_bai_suzhen, uniq_mennas, uniq_frederick
Vaults:5: serial_shops

Skill      XL: |  1  2  3  4  5  6  7  8  9 10 11 12 13 14 15 16 17 18 19 20 21 |
---------------+----------------------------------------------------------------+-----
Long Blades    | 3 6 7 8 9 10 11 13 14 15 16 17 18 | 18.5
Armour         | 1 4 5 6 7 8 9 10 11 12 13 14 15 16 | 16.6
Dodging        | 6 7 8 9 10 11 12 13 14 15 16 | 16.9
Fighting       | 5 6 7 8 9 10 12 13 14 15 16 17 18 19 | 19.0
Shields        | 1 2 3 4 5 6 |  6.3
Invocations    | 1 2 4 5 6 7 |  7.4
Evocations     | 3 4 |  4.4
Throwing       | |  1.7

Action                   |  1- 3 |  4- 6 |  7- 9 | 10-12 | 13-15 | 16-18 | 19-21 || total
-------------------------+-------+-------+-------+-------+-------+-------+-------++-------
Melee: Long sword        |    64 |   111 |   233 |       |       |       |       ||   408
       Double sword      |       |       |   144 |   654 |  1219 |  1835 |  1412 ||  5264
Throw: Throwing net      |       |       |     2 |     1 |     1 |       |       ||     4
Invok: Heroism           |       |       |       |     7 |    12 |    12 |     8 ||    39
       Finesse           |       |       |       |     1 |       |       |       ||     1
Evoke: Wand              |       |       |     1 |    12 |    11 |       |       ||    24
  Use: Scroll            |     5 |     9 |     8 |    14 |     6 |    17 |    11 ||    70
       Potion            |     1 |     1 |       |       |     1 |     2 |     7 ||    12
 Stab: Confused          |       |       |       |       |       |     5 |       ||     5
Armor: Leather armour    |    23 |     3 |       |       |       |       |       ||    26
       Ring mail         |       |    22 |   153 |    58 |       |       |       ||   233
       Plate armour      |       |       |       |   193 |    13 |       |       ||   206
       Scale mail        |       |       |       |       |   378 |   274 |    41 ||   693
       Crystal plate arm |       |       |       |       |       |   969 |   826 ||  1795
Dodge: Dodged            |    49 |    54 |   244 |   477 |   834 |  1902 |  1049 ||  4609
       Repelled          |       |       |       |       |    27 |    10 |       ||    37
Block: Other             |       |    15 |    61 |       |       |       |       ||    76
       Kite shield       |       |       |    86 |       |       |       |   771 ||   857
       Reflection        |       |       |     3 |    60 |    22 |    13 |       ||    98
       Buckler           |       |       |       |   390 |   581 |   926 |    87 ||  1984
       Rpst.: Long sword |    16 |    15 |    54 |       |       |       |       ||    85
       Double sword      |       |       |    20 |   112 |   195 |   329 |   212 ||   868
